 Dungeon Crawl Stone Soup version 0.31-a0-986-g5e6e4ef867 (webtiles) character file.

Game seed: 1805136362794984664

39 Twinkles the Trooper (level 3, -1/29 HPs)
             Began as a Demonspawn Berserker on Nov 19, 2023.
             Was a Follower of Trog.
             Slain by a gnoll
             ... wielding a +0 club
              (3 damage)
             ... on level 2 of the Dungeon.
             The game lasted 00:01:48 (1168 turns).

Twinkles the Trooper (Demonspawn Berserker)         Turns: 1168, Time: 00:01:48

Health: -1/29      AC:  4    Str: 19    XL:     3   Next: 28%
Magic:  3/3        EV: 12    Int:  8    God:    Trog [*.....]
Gold:   24         SH:  4    Dex: 12    Spells: 2/2 levels left

rFire   . . .        a - +0 mace
rCold   . . .        (no shield)
rNeg    . . .        b - +0 animal skin
rPois   .            j - +0 helmet
rElec   .            (no cloak)
rCorr   .            (no gloves)
SInv    .            c - +0 pair of boots
Will    .....        (no amulet)
Stlth   +            (no ring)
HPRegen 0.24/turn    (no ring)
MPRegen 0.08/turn

%: no passive effects
@: no status effects
A: condensation shield
a: Renounce Religion, Berserk


You were on level 2 of the Dungeon.
You worshipped Trog.
Trog was aware of your devotion.
You visited 1 branch of the dungeon, and saw 2 of its levels.

You collected 24 gold pieces.

Inventory:

Hand Weapons
 a - a +0 mace (weapon)
Missiles
 i - 5 boomerangs
Armour
 b - a +0 animal skin (worn)
 c - a +0 pair of boots (worn)
 j - a +0 helmet (worn)
Scrolls
 d - a scroll of enchant weapon {unknown}
 f - a scroll of butterflies {unknown}
 g - a scroll of teleportation {unknown}
 h - a scroll of identify {unknown}
Potions
 e - a potion of magic {unknown}


   Skills:
 + Level 3.3 Fighting
 + Level 3.1 Maces & Flails
 + Level 2.2 Armour
 + Level 2.2 Dodging


You had 2 spell levels left.
You didn't know any spells.
Your spell library was empty.

Dungeon Overview and Level Annotations

Branches:
Dungeon (2/15) Zot: 10811

Altars:

Shops:
D:1 =


Innate Abilities, Weirdness & Mutations

A meltable shield of frost defends you. (SH +4)


Message History

You hit the gnoll.
The gnoll is severely wounded.
The gnoll closely misses you.
You closely miss the gnoll.
The gnoll is severely wounded.
The gnoll hits you with a +0 whip. The gnoll barely misses you.
You barely miss the gnoll.
The gnoll is severely wounded.
The gnoll closely misses you. The gnoll barely misses you.
The gnoll completely misses you.
You barely miss the gnoll.
The gnoll is severely wounded.
The gnoll closely misses you. The gnoll hits you but does no damage.
The gnoll hits you with a +0 club. The gnoll hits you but does no damage.
You hit the gnoll.
You kill the gnoll!
Trog accepts your kill. The gnoll completely misses you.
The gnoll hits you with a +0 club. You block the gnoll's attack.
The gnoll misses you. The gnoll hits you with a +0 club. x2
You are too injured to fight recklessly!
You are too injured to fight recklessly!
You hit the gnoll.
The gnoll is moderately wounded.
The gnoll hits you with a +0 club. x3
You hit the gnoll.
The gnoll is heavily wounded.
You block the gnoll's attack. The gnoll barely misses you.
The gnoll hits you with a +0 club.
* * * LOW HITPOINT WARNING * * *
You closely miss the gnoll.
The gnoll is heavily wounded.
The gnoll hits you but does no damage. x3
You closely miss the gnoll.
The gnoll is heavily wounded.
The gnoll closely misses you. x2; You block the gnoll's attack.
The gnoll hits you but does no damage. The gnoll hits you with a +0 club!
* * * LOW HITPOINT WARNING * * *
The gnoll hits you with a +0 club.
You die...

##########
#........###
#..g)g..#####
#@g......#
#..#.###. #..#.#
#..#.# #..#.#
#.#####..#.#
#........#.#
#######.##.###.#
#........#


You could see 3 gnolls.

Vanquished Creatures
  A gnoll (D:2)
  A dart slug (D:1)
  A ball python (D:1)
  A bat (D:1)
  3 endoplasms (D:1)
  2 giant cockroaches (D:1)
  3 goblins (D:1)
  4 hobgoblins
  3 jackals (D:1)
  3 frilled lizards
  A kobold (D:1)
23 creatures vanquished.

Notes
Turn   | Place    | Note
-------+----------+-------------------------------------------
     0 | D:1      | Twinkles the Demonspawn Berserker began the quest for the
                  | Orb.
     0 | D:1      | Reached XP level 1. HP: 18/18 MP: 1/1
   273 | D:1      | Gained mutation: A meltable shield of frost defends you.
                  | (SH +4) [demonic ancestry]
   273 | D:1      | Reached XP level 2. HP: 16/24 MP: 2/2
   959 | D:1      | Found Biafiaz's Jewellery Shoppe.
  1092 | D:2      | Reached XP level 3. HP: 29/29 MP: 3/3
  1166 | D:2      | HP: 8/29 [gnoll/+0 club (3)]
  1168 | D:2      | HP: 2/29 [gnoll/+0 club (7)]
  1168 | D:2      | Slain by a gnoll

Illustrated notes

Levels and vault maps discovered:
D:1:      tarquinn_simple_flora_water_e, layout_rooms, serial_co_window_serial,
          co_window_paths_a, co_window_of_opportunity_a, co_window_paths_a,
          co_window_paths_a, co_window_paths_b, co_window_of_opportunity_b,
          co_window_2corner, co_window_unsneaky_path_e, co_window_2corner,
          co_window_corner_cb, co_window_broadway_c, co_window_corner_b,
          co_window_4corner_b, co_window_4corner_a, glass_columns_a,
          glass_columns_b, glass_columns_a, glass_columns_b, glass_columns_b,
          serial_shops, nicolae_shop_gaudy_bauble
D:2:      layout_loops_corners, hangedman_decor_clover_reticule

Skill      XL: |  1  2 |
---------------+-------+-----
Armour         | 2 |  2.2
Dodging        | 2 |  2.2
Maces & Flails | 3 |  3.1
Fighting       | |  3.3

Action                     || total
---------------------------++-------
  Melee: Mace              ||    78
 Armour: Animal skin       ||    54
  Dodge: Dodged            ||    58
  Block: Other             ||    11

Table legend: (Time is in decaauts)
 A = Elapsed time spent in this place.
 B = Non-inter-level travel time spent in this place.
 C = Inter-level travel time spent in this place.
 D = Time resting spent in this place.
 E = Time spent auto-exploring this place.
 F = Levels seen in this place.
 G = Mean time per level.
                   A        B        C        D        E       F      G
               +--------+--------+--------+--------+--------+-----+--------+
         Total |   1187 |   1134 |     53 |     11 |    921 |   2 |  593.5 |
       Dungeon |   1187 |   1134 |     53 |     11 |    921 |   2 |  593.5 |
               +--------+--------+--------+--------+--------+-----+--------+

Top non-repeatable levels by time:
     D:1: 1092 daAuts
     D:2: 94 daAuts
